 Dungeon Sprint DCSS version 0.27.1-3-gb3d3a73c9e (webtiles) character file.

Game seed: 1880356699456486986

10200000 raph the Pandemonic (level 27, -18/273 HPs)
             Began as a Ghoul Warper on Oct 9, 2021.
             Was a High Priest of Makhleb.
             Demolished by a meat berserker (48 damage)
             ... in the Dungeon (Sprint VIII: "Arena of Blood").
             The game lasted 00:06:01 (102 turns).

raph the Pandemonic (Ghoul Warper)                   Turns: 102, Time: 00:06:01

Health: -18/273    AC:  6    Str: 19    XL:     27
Magic:  24/53      EV: 29    Int:  8    God:    Makhleb [*****.]
Gold:   0          SH:  0    Dex: 17    Spells: 80/80 levels left

rFire    . . .     SeeInvis .   i - +∞ Axe of Woe
rCold    + . .     Faith    .   (shield currently unavailable)
rNeg     + + +     Spirit   .   b - +0 leather armour
rPois    ∞         Reflect  .   (no helmet)
rElec    .         Harm     .   (no cloak)
rCorr    .         Rampage  .   (no gloves)
Will     ++...     NoTele   +   (no boots)
Stlth    +++++++++.             (no amulet)
HPRegen  0.00/turn              l - +200 ring of slaying
MPRegen  0.33/turn              m - +250 ring of slaying

@: inhibited regen
A: claws 1, cold resistance 1, negative energy resistance 3, inhibited
regeneration, torment resistance 2
a: Renounce Religion, Minor Destruction, Lesser Servant of Makhleb, Major
Destruction, Greater Servant of Makhleb


You were in the Dungeon.
You worshipped Makhleb.
Makhleb was extremely pleased with you.
You visited 1 branch

Inventory:

Hand Weapons
 a - a +0 hand axe
 i - the +∞ Axe of Woe (weapon)
   (You found it in the Dungeon)
Missiles
 d - 5 boomerangs of dispersal (quivered)
Armour
 b - a +0 leather armour (worn)
Jewellery
 j - a +30 ring of slaying
 k - a +30 ring of slaying
 l - a +200 ring of slaying (left claw)
 m - a +250 ring of slaying (right claw)
Scrolls
 c - 2 scrolls of blinking
Potions
 e - a potion of curing
 f - a potion of heal wounds
 h - 2 potions of magic


   Skills:
 O Level 27 Fighting
 O Level 27 Short Blades
 O Level 27 Long Blades
 O Level 27 Axes
 O Level 27 Maces & Flails
 O Level 27 Polearms
 O Level 27 Staves
 O Level 27 Slings
 O Level 27 Bows
 O Level 27 Crossbows
 O Level 27 Throwing
 O Level 27 Armour
 O Level 27 Dodging
 O Level 27 Stealth
 O Level 27 Shields
 O Level 27 Unarmed Combat
 O Level 27 Spellcasting
 O Level 27 Conjurations
 O Level 27 Hexes
 O Level 27 Summonings
 O Level 27 Necromancy
 O Level 27 Translocations
 O Level 27 Transmutations
 O Level 27 Fire Magic
 O Level 27 Ice Magic
 O Level 27 Air Magic
 O Level 27 Earth Magic
 O Level 27 Poison Magic
 O Level 27 Invocations
 O Level 27 Evocations


You had 80 spell levels left.
You didn't know any spells.
Your spell library contained the following spells:

 Spells                   Type           Power      Damage    Failure   Level
 Blink                    Tloc           N/A        N/A       0%          2
 Gell's Gravitas          Tloc           26%        N/A       0%          3
 Lesser Beckoning         Tloc           26%        N/A       0%          3
 Teleport Other           Tloc           52%        N/A       0%          3
 Manifold Assault         Tloc           52%        N/A       0%          5


Dungeon Overview and Level Annotations

Branches:
Dungeon (1/1)

Altars:
Makhleb


Innate Abilities, Weirdness & Mutations

You thrive by killing the living.
You are immune to poison.
You have sharp fingernails.
Your flesh is cold resistant. (rC+)
You are immune to negative energy. (rN+++)
You do not regenerate when monsters are visible.
You are immune to unholy pain and torment.


Message History

The fireball engulfs the meat beast!!
You hear a sizzling sound!
The fireball engulfs the dread!
You hear a sizzling sound! x2
The sphere of damnation explodes!
The damnation engulfs your smoke demon!
The damnation engulfs something!!
A bag of meat comes into view. It is wielding a +9 war axe.
You hear a shout! x2; You feel something staring at you.
Something smites you! The dread hits your balrug.
The dread drains your balrug's vigour!
Your balrug seems to slow down.
You hear a shout! x2; The scourge hisses angrily.
You hear a shout! x2
A demon appears!
You are engulfed in blazing flames.
The meat beast is engulfed in blazing flames.
The meat beast bites you. The meat beast tramples you!
You stumble backwards!
A bag of meat comes into view. It is wielding a +9 war axe.
The meat berserker hits you with a +9 battleaxe!!!
The meat berserker hits your cacodemon with a +9 battleaxe!!
Your cacodemon dies!
Your smoke demon hits something.
Your smoke demon closely misses something.
Your smoke demon barely misses something.
An accursed comes into view.
You feel something staring at you. Something smites you!
You hear a shout! x2
Your blizzard demon is engulfed in freezing vapours.
Your blizzard demon hits the dread!
Your blizzard demon closely misses the dread.
You hear a shout!
The tyrant waves its bony arms in wide circles.
The air twists around and strikes you!!!
* * * LOW HITPOINT WARNING * * *
The meat beast is engulfed in blazing flames.
The meat beast completely misses you. The meat beast tramples you!
* * * LOW HITPOINT WARNING * * *
You hold your ground!
The meat beast bites your balrug!!
Your balrug dies!
The meat berserker hits you with a +9 battleaxe!!!
You die...

#.......# .
#.......# ....
..###...V☼.)###....
......3###)........
.......)_)))o......
.....#){3)S#.......
.....#§§2L_#.......
......)2)W)#).....#
.....§O@2§○2)......
..o.O..###§).......
..###.{ ....###....
. #O..O...# ...
#.......# .
o........


Mo......... ........... You could see an accursed, 3 meat beasts, a tyrant, a
scourge, a dread (ally target), 3 meat berserkers, 4 bags of meat, a friendly
blizzard demon (summoned), a friendly smoke demon (summoned) and a friendly
ynoxinul (summoned).

Vanquished Creatures
  6 hell beasts (D)
  6 royal mummies (D)
  2 wraiths (D)
  12 vampire knights (D)
  29 ogres (D)
  12 two-headed ogres (D)
  5 liches (D)
  53 orcs (D)
  2 skeletal warriors (D)
127 creatures vanquished.

Notes
Turn   | Place    | Note
-------+----------+-------------------------------------------
     0 | D        | Found the +∞ Axe of Woe
     0 | D        | raph the Ghoul Warper began the quest for the Orb.
     0 | D        | Reached XP level 1. HP: 17/17 MP: 2/2
     2 | D        | Noticed a bag of meat
     2 | D        | Noticed a bag of meat
     3 | D        | Noticed a bag of meat
     4 | D        | Became a worshipper of Makhleb the Destroyer
     4 | D        | Noticed a bag of meat
     5 | D        | Killed a bag of meat
     6 | D        | Reached skill level 10 in Axes
     6 | D        | Reached skill level 10 in Throwing
     6 | D        | Reached skill level 10 in Armour
     6 | D        | Reached skill level 10 in Dodging
     6 | D        | Reached skill level 10 in Translocations
     6 | D        | Reached XP level 2. HP: 42/42 MP: 2/11
     6 | D        | Reached XP level 3. HP: 49/49 MP: 2/13
     6 | D        | Reached XP level 4. HP: 57/57 MP: 2/14
     6 | D        | Reached XP level 5. HP: 63/63 MP: 2/16
     6 | D        | Reached XP level 6. HP: 71/71 MP: 2/17
     6 | D        | Reached XP level 7. HP: 78/78 MP: 2/19
     6 | D        | Reached XP level 8. HP: 85/85 MP: 2/20
     6 | D        | Reached XP level 9. HP: 91/91 MP: 2/21
     6 | D        | Reached XP level 10. HP: 99/99 MP: 2/22
     6 | D        | Reached XP level 11. HP: 105/105 MP: 2/23
     6 | D        | Reached XP level 12. HP: 113/113 MP: 2/24
     6 | D        | Noticed a bag of meat
     6 | D        | Noticed a bag of meat
     6 | D        | Noticed a meat berserker
     7 | D        | Noticed a bag of meat
     7 | D        | Noticed a meat berserker
     7 | D        | Noticed a meat berserker
     7 | D        | Noticed a meat berserker
     8 | D        | Killed a meat berserker
     8 | D        | Reached * piety under Makhleb
     8 | D        | Noticed a meat berserker
     8 | D        | Noticed a bag of meat
     9 | D        | Reached skill level 15 in Fighting
     9 | D        | Reached skill level 15 in Axes
     9 | D        | Reached XP level 13. HP: 126/126 MP: 2/25
     9 | D        | Reached XP level 14. HP: 135/135 MP: 2/26
     9 | D        | Killed a bag of meat
     9 | D        | Killed a bag of meat
     9 | D        | Noticed a bag of meat
    10 | D        | Reached XP level 15. HP: 146/146 MP: 2/27
    10 | D        | Killed a meat berserker
    10 | D        | Reached ** piety under Makhleb
    11 | D        | Reached XP level 16. HP: 159/159 MP: 3/29
    11 | D        | Killed a meat berserker
    11 | D        | Reached *** piety under Makhleb
    11 | D        | Noticed a meat berserker
    12 | D        | Reached XP level 17. HP: 173/173 MP: 3/32
    12 | D        | Killed a meat berserker
    13 | D        | Reached XP level 18. HP: 184/184 MP: 3/34
    13 | D        | Killed a meat berserker
    13 | D        | Reached **** piety under Makhleb
    14 | D        | Reached skill level 27 in Invocations
    14 | D        | Noticed a meat berserker
    15 | D        | Noticed a meat berserker
    15 | D        | Noticed a large bag of meat
    16 | D        | Reached XP level 19. HP: 198/198 MP: 4/35
    16 | D        | Killed a meat berserker
    16 | D        | Reached ***** piety under Makhleb
    17 | D        | Reached skill level 27 in Axes
    17 | D        | Killed a meat berserker
    17 | D        | Noticed a large bag of meat
    18 | D        | Reached skill level 27 in Fighting
    18 | D        | Reached XP level 20. HP: 216/216 MP: 4/36
    19 | D        | Reached XP level 21. HP: 224/224 MP: 4/37
    19 | D        | Noticed a destroyer
    20 | D        | Reached skill level 27 in Throwing
    20 | D        | Reached skill level 27 in Armour
    20 | D        | Reached skill level 27 in Dodging
    20 | D        | Reached skill level 10 in Spellcasting
    20 | D        | Noticed a meat berserker
    21 | D        | Killed a meat berserker
    22 | D        | Reached skill level 15 in Translocations
    22 | D        | Noticed a large bag of meat
    23 | D        | Reached ****** piety under Makhleb
    24 | D        | Reached skill level 15 in Spellcasting
    24 | D        | Noticed a large bag of meat
    25 | D        | Killed a destroyer
    25 | D        | Noticed a large bag of meat
    26 | D        | Reached XP level 22. HP: 233/233 MP: 5/43
    26 | D        | Noticed a large bag of meat
    28 | D        | Noticed a large bag of meat
    29 | D        | Noticed a destroyer
    30 | D        | Noticed a destroyer
    31 | D        | Noticed a large bag of meat
    31 | D        | Noticed a large bag of meat
    31 | D        | Noticed a destroyer
    32 | D        | Killed a destroyer
    32 | D        | Killed a large bag of meat
    33 | D        | Reached skill level 27 in Stealth
    33 | D        | Reached skill level 27 in Translocations
    33 | D        | Reached XP level 23. HP: 213/240 MP: 7/51
    34 | D        | Killed a large bag of meat
    34 | D        | Killed a large bag of meat
    34 | D        | Noticed a destroyer
    35 | D        | Reached skill level 27 in Spellcasting
    35 | D        | Reached XP level 24. HP: 213/249 MP: 8/53
    35 | D        | Killed a large bag of meat
    35 | D        | Killed a destroyer
    35 | D        | Noticed a destroyer
    36 | D        | Reached XP level 25. HP: 222/257 MP: 8/53
    37 | D        | Killed a large bag of meat
    38 | D        | Killed a destroyer
    39 | D        | Reached skill level 27 in Unarmed Combat
    39 | D        | Reached XP level 26. HP: 248/266 MP: 9/53
    39 | D        | Noticed a destroyer
    39 | D        | Killed a destroyer
    40 | D        | Reached skill level 27 in Maces & Flails
    40 | D        | Reached skill level 27 in Polearms
    40 | D        | Reached skill level 27 in Slings
    40 | D        | Killed a large bag of meat
    41 | D        | Reached skill level 27 in Staves
    41 | D        | Reached XP level 27. HP: 218/273 MP: 9/53
    42 | D        | Killed a large bag of meat
    42 | D        | Killed a large bag of meat
    43 | D        | Noticed an accursed
    43 | D        | Noticed a destroyer
    43 | D        | Killed a destroyer
    43 | D        | Killed a large bag of meat
    44 | D        | Reached skill level 27 in Evocations
    45 | D        | Killed a destroyer
    46 | D        | Reached skill level 27 in Short Blades
    46 | D        | Reached skill level 27 in Long Blades
    46 | D        | Reached skill level 5 in Bows
    46 | D        | Reached skill level 5 in Crossbows
    46 | D        | Reached skill level 5 in Shields
    46 | D        | Reached skill level 5 in Summonings
    46 | D        | Reached skill level 5 in Necromancy
    46 | D        | Reached skill level 5 in Transmutations
    46 | D        | Reached skill level 5 in Poison Magic
    46 | D        | Killed an accursed
    47 | D        | Reached skill level 10 in Shields
    47 | D        | Reached skill level 10 in Conjurations
    47 | D        | Reached skill level 10 in Hexes
    47 | D        | Reached skill level 10 in Fire Magic
    47 | D        | Reached skill level 10 in Air Magic
    47 | D        | Noticed a destroyer
    47 | D        | Noticed a tyrant
    50 | D        | Reached skill level 15 in Ice Magic
    50 | D        | Reached skill level 15 in Earth Magic
    52 | D        | Noticed an accursed
    52 | D        | Killed a destroyer
    53 | D        | Reached skill level 15 in Bows
    53 | D        | Reached skill level 15 in Crossbows
    53 | D        | Reached skill level 15 in Shields
    53 | D        | Reached skill level 15 in Summonings
    53 | D        | Reached skill level 15 in Transmutations
    53 | D        | Noticed a large bag of meat
    53 | D        | Noticed a tyrant
    54 | D        | Noticed a tyrant
    55 | D        | Noticed a destroyer
    57 | D        | Reached skill level 15 in Conjurations
    57 | D        | Reached skill level 15 in Hexes
    57 | D        | Reached skill level 15 in Fire Magic
    57 | D        | Reached skill level 15 in Air Magic
    57 | D        | Killed an accursed
    58 | D        | Noticed a large bag of meat
    58 | D        | Killed a destroyer
    59 | D        | Killed a tyrant
    60 | D        | Killed a tyrant
    60 | D        | Killed a tyrant
    60 | D        | Noticed an accursed
    60 | D        | Noticed a meat beast
    61 | D        | Noticed an accursed
    63 | D        | Killed an accursed
    63 | D        | Noticed a destroyer
    64 | D        | Killed a meat beast
    64 | D        | Noticed a tyrant
    65 | D        | Reached skill level 27 in Necromancy
    65 | D        | Reached skill level 27 in Ice Magic
    65 | D        | Reached skill level 27 in Earth Magic
    65 | D        | Reached skill level 27 in Poison Magic
    65 | D        | Killed a destroyer
    66 | D        | Noticed a dread
    68 | D        | Killed a large bag of meat
    68 | D        | Killed a destroyer
    69 | D        | Reached skill level 27 in Bows
    69 | D        | Reached skill level 27 in Crossbows
    69 | D        | Reached skill level 27 in Shields
    69 | D        | Reached skill level 27 in Hexes
    69 | D        | Reached skill level 27 in Summonings
    69 | D        | Reached skill level 27 in Transmutations
    69 | D        | Noticed a meat beast
    70 | D        | Noticed a dread
    71 | D        | Killed an accursed
    71 | D        | Noticed a dread
    72 | D        | Reached skill level 27 in Conjurations
    72 | D        | Reached skill level 27 in Fire Magic
    72 | D        | Reached skill level 27 in Air Magic
    72 | D        | Killed a dread
    72 | D        | Killed a meat beast
    72 | D        | Noticed an accursed
    74 | D        | Noticed an accursed
    74 | D        | Noticed a destroyer
    77 | D        | Noticed a meat beast
    79 | D        | Noticed a large bag of meat
    81 | D        | Killed a meat beast
    81 | D        | Noticed a large bag of meat
    82 | D        | Noticed a meat beast
    82 | D        | Noticed a meat beast
    83 | D        | Killed a tyrant
    83 | D        | Killed a meat beast
    83 | D        | Killed a destroyer
    87 | D        | Killed a meat beast
    87 | D        | Killed an accursed
    87 | D        | Noticed a meat beast
    90 | D        | Noticed a dread
    91 | D        | Killed an accursed
    91 | D        | Killed a meat beast
    93 | D        | Noticed a tyrant
    96 | D        | Killed a large bag of meat
    96 | D        | Killed a tyrant
    96 | D        | Noticed a meat beast
    97 | D        | Noticed a tyrant
    98 | D        | Noticed a meat beast
    99 | D        | Killed a large bag of meat
   100 | D        | Noticed a meat beast
   101 | D        | Killed a dread
   102 | D        | Noticed an accursed
   102 | D        | Demolished by a meat berserker

Illustrated notes

Levels and vault maps discovered:
D:        meatsprint

Skill      XL: |  1  2  3  4  5  6  7  8  9 10 11 12 13 14 15 16 17 18 19 20 21 22 23 24 25 26 27 |
---------------+----------------------------------------------------------------------------------+-----
Fighting       | 12 15 16 18 21 22 24 27 | 27.0
Axes           | 10 15 17 20 22 24 26 27 | 27.0
Throwing       | 10 12 14 16 18 19 20 25 26 27 | 27.0
Armour         | 10 13 14 16 18 19 20 25 26 27 | 27.0
Dodging        | 10 13 14 16 18 19 21 25 26 27 | 27.0
Spellcasting   | 9 18 25 27 | 27.0
Translocations | 10 20 27 | 27.0
Invocations    | 13 17 20 24 26 27 | 27.0
Stealth        | 22 27 | 27.0
Maces & Flails | 14 20 25 27 | 27.0
Polearms       | 14 20 26 27 | 27.0
Slings         | 14 20 25 27 | 27.0
Unarmed Combat | 16 23 27 | 27.0
Staves         | 27 | 27.0
Short Blades   | 8 27 | 27.0
Long Blades    | 8 27 | 27.0
Evocations     | 11 27 | 27.0
Bows           | 27 | 27.0
Crossbows      | 27 | 27.0
Shields        | 27 | 27.0
Conjurations   | 27 | 27.0
Hexes          | 27 | 27.0
Summonings     | 27 | 27.0
Necromancy     | 27 | 27.0
Transmutations | 27 | 27.0
Fire Magic     | 27 | 27.0
Ice Magic      | 27 | 27.0
Air Magic      | 27 | 27.0
Earth Magic    | 27 | 27.0
Poison Magic   | 27 | 27.0

Action                   |  1- 3 |  4- 6 |  7- 9 | 10-12 | 13-15 | 16-18 | 19-21 | 22-24 | 25-27 || total
-------------------------+-------+-------+-------+-------+-------+-------+-------+-------+-------++-------
Melee: Executioner's axe |     1 |       |       |     1 |     2 |     4 |     7 |     3 |    43 ||    61
Invok: Greater Servant o |       |       |       |       |       |       |       |     2 |    12 ||    14
       Lesser Servant of |       |       |       |       |       |       |       |       |     3 ||     3
  Use: Potion            |       |       |       |       |       |       |       |       |     1 ||     1
Armor: Leather armour    |       |       |       |       |       |       |       |       |     2 ||     2
Dodge: Dodged            |       |       |       |       |       |     1 |       |       |     8 ||     9
